 Dungeon Crawl Stone Soup version 0.29-a0-275-g389c0b56f3 (webtiles) character file.

Game seed: 11004883005253016031

136 epen the Sneak (level 5, -6/42 HPs)
             Began as a Naga Ice Elementalist on Mar 11, 2022.
             Killed by nerve-wracking pain
             ... invoked by Jessica
              (13 damage)
             ... on level 3 of the Dungeon.
             The game lasted 00:03:02 (3509 turns).

epen the Sneak (Naga Ice Elementalist)              Turns: 3509, Time: 00:03:03

Health: -6/42      AC:  2    Str:  9 (11) XL:     5   Next: 19%
Magic:  5/9        EV: 10    Int: 17      God:
Gold:   68         SH:  0    Dex: 10 (11) Spells: 2/9 levels left

rFire   . . .      SeeInvis +   e - +2 whip (elec)
rCold   . . .      Faith    .   (no shield)
rNeg    . . .      Spirit   .   a - +0 robe
rPois   +          Reflect  .   (no helmet)
rElec   .          Harm     .   (no cloak)
rCorr   .          Rampage  .   (no gloves)
Will    .....                   (no barding)
Stlth   +++.......              (no amulet)
HPRegen 0.14/turn               (no ring)
MPRegen 0.11/turn               (no ring)

@: very slightly contaminated, very slow
A: AC +1, large, see invisible, deformed body, poison resistance, slowness 2,
spit poison 1, naga tail 1
a: Spit Poison


You were on level 3 of the Dungeon.
You visited 1 branch of the dungeon, and saw 3 of its levels.

You collected 68 gold pieces.

Inventory:

Hand Weapons
 d - a +0 dagger
 e - a +2 whip of electrocution (weapon)
Armour
 a - a +0 robe (worn)
Scrolls
 c - 2 scrolls of noise
 h - a scroll of identify
Potions
 b - a potion of magic
 f - a potion of heal wounds {unknown}
 g - a potion of haste


   Skills:
 + Level 0.0 Fighting
 + Level 2.4 Dodging
 - Level 4.8 Stealth
 + Level 2.8 Spellcasting
 + Level 4.7 Ice Magic


You had 2 spell levels left.
You knew the following spells:

 Your Spells              Type           Power      Damage    Failure   Level
a - Freeze                Ice            72%        1d9       2%          1
b - Frozen Ramparts       Ice            36%        1d5       8%          3
c - Ozocubu's Armour      Ice            18%        N/A       8%          3

Your spell library contained the following spells:

 Spells                   Type           Power      Damage    Failure   Level
 Static Discharge         Conj/Air       2%         N/A       26%         2
 Hailstorm                Conj/Ice       10%        3d5       56%         4
 Lightning Bolt           Conj/Air       1%         1d12      99%         5
 Maxwell's Capacitive Co  Air            1%         ∞         100%        8


Dungeon Overview and Level Annotations

Branches:
Dungeon (3/15)

Altars:

Shops:
D:1 ?   D:2 =

Annotations:
D:3 Jessica, Natasha


Innate Abilities, Weirdness & Mutations

Your serpentine skin is tough. (AC +1)
You have supernaturally acute eyesight. (SInv)
Armour fits poorly on your strangely shaped body.
Your system is resistant to poisons. (rPois)
You cover ground very slowly.
You can spit poison.
You have a snake-like lower body.


Message History

Natasha is carrying a wand of flame (5).
The endoplasm quivers.
The endoplasm closely misses you. The endoplasm hits you.
You hit the endoplasm.
Lightning courses through the endoplasm!
You kill the endoplasm!
Natasha hisses angrily.
Jessica shouts!
Natasha zaps a wand.
The puff of flame hits you!
You hit Jessica.
Jessica is lightly wounded.
Jessica hits you with a +0 club. Jessica closely misses you.
You hit Jessica.
Jessica is heavily wounded.
Natasha stares at you and mumbles some strange words.
The magic dart hits you! Jessica hits you with a +0 club.
You are too injured to fight recklessly!
You are too injured to fight recklessly!
You are too injured to fight recklessly!
You are too injured to fight recklessly!
Casting: Freeze (safe; 2% risk of failure)
Confirm with . or Enter, or press ? or * to list all spells.
Aiming: Freeze (safe; 2% risk of failure)
Press: ? - help, Shift-Dir - straight line, f - Jessica
Aim: Jessica, wielding a +0 club and wearing a +0 robe (heavily wounded)
You freeze Jessica.
Jessica is severely wounded.
Natasha zaps a wand.
The puff of flame hits you!
* * * LOW HITPOINT WARNING * * *
Jessica barely misses you.
Casting: Freeze (safe; 2% risk of failure)
Confirm with . or Enter, or press ? or * to list all spells.
Casting: Frozen Ramparts (dangerous; 8% risk of failure)
Press: ? - help, Dir - look around, f - activate You miscast Frozen Ramparts.
You are very lightly contaminated with residual magic.
Nothing appears to happen.
The quokka bites you but does no damage.
Jessica casts a spell at you. Pain shoots through your body!
You die...

#########
#........
#...#..#.
#@h......
#@r.#..#.
#........
#.#######
#.# #.#
#.# #.#
#.# #.#


You could see Natasha, Jessica and a quokka.

Vanquished Creatures
  A jelly (D:2)
  5 adders
  A gnoll (D:1)
  A worm (D:2)
  2 ball pythons
  9 endoplasms
  2 giant cockroaches (D:1)
  3 goblins
  2 hobgoblins (D:2)
  2 jackals (D:3)
  4 quokkas
  5 bats
  A frilled lizard (D:2)
  5 kobolds
  5 rats
48 creatures vanquished.

Notes
Turn   | Place    | Note
-------+----------+-------------------------------------------
     0 | D:1      | epen the Naga Ice Elementalist began the quest for the Orb.
     0 | D:1      | Reached XP level 1. HP: 15/15 MP: 3/3
    28 | D:1      | Found Hoem's Magic Scroll Emporium.
   254 | D:1      | Reached XP level 2. HP: 2/22 MP: 1/5
  1378 | D:1      | Found a faded altar of an unknown god.
  1379 | D:1      | HP: 1/22 [gnoll/+0 spear (8)]
  1384 | D:1      | Reached XP level 3. HP: 1/28 MP: 3/6
  1770 | D:2      | Learned a level 3 spell: Frozen Ramparts
  2022 | D:2      | Reached XP level 4. HP: 36/36 MP: 7/7
  2124 | D:2      | Learned a level 3 spell: Ozocubu's Armour
  2662 | D:2      | Found Irghaih's Jewellery Emporium.
  2720 | D:2      | Reached XP level 5. HP: 32/42 MP: 6/9
  3499 | D:3      | Noticed Jessica
  3502 | D:3      | Noticed Natasha
  3509 | D:3      | Killed from afar by Jessica

Illustrated notes

Levels and vault maps discovered:
D:1:      lightli_arrival_windingriver, layout_loops_cross,
          shapermc_ecumenical_altar_pompeii, serial_shops, shop_scrolls
D:2:      layout_basic, serial_shops, shop
D:3:      layout_loops_ring, columned_hall_lemuel, uniq_terence, uniq_robin,
          uniq_jessica, uniq_natasha

Skill      XL: |  1  2  3 |
---------------+----------+-----
Dodging        | 2 |  2.4
Stealth        | 4 |  4.8
Spellcasting   | |  2.8
Ice Magic      | |  4.7

Action                   |  1- 3 |  4- 6 || total
-------------------------+-------+-------++-------
Melee: Unarmed           |     7 |       ||     7
       Dagger            |     2 |       ||     2
       Whip              |    24 |    55 ||    79
       Punch             |       |     1 ||     1
 Cast: Freeze            |    17 |    10 ||    27
  Use: Scroll            |     1 |     3 ||     4
       Potion            |     2 |       ||     2
 Stab: Sleeping          |     3 |     4 ||     7
Armor: Robe              |     4 |    17 ||    21
Dodge: Dodged            |    17 |    41 ||    58

Table legend: (Time is in decaauts)
 A = Elapsed time spent in this place.
 B = Non-inter-level travel time spent in this place.
 C = Inter-level travel time spent in this place.
 D = Time resting spent in this place.
 E = Time spent auto-exploring this place.
 F = Levels seen in this place.
 G = Mean time per level.
                   A        B        C        D        E       F      G
               +--------+--------+--------+--------+--------+-----+--------+
         Total |   4068 |   3979 |     89 |    286 |   3270 |   3 | 1356.0 |
       Dungeon |   4068 |   3979 |     89 |    286 |   3270 |   3 | 1356.0 |
               +--------+--------+--------+--------+--------+-----+--------+

Top non-repeatable levels by time:
     D:1: 1997 daAuts
     D:2: 1692 daAuts
     D:3: 377 daAuts
